Map: Dusk Towers

Players

LilDicky

  • Race: Terran Terran
  • League: Diamond

Aeon - Winner!

  • Race: Zerg Zerg
  • League: Diamond

VOD

http://www.twitch.tv/tumescentpie

Description

Time

  • Played on: Dec. 12, 2015, 7:56 p.m.
  • Length: 5:07
Show
View Real Time Build Order
Export as new Build Order

LilDicky Terran 

Build Orders:  

Get SALT Encoding   

  12  0:01  SCV  
  13  0:13  SCV  
  14  0:18  Supply Depot  
  14  0:25  SCV  
  15  0:32  Refinery  
  15  0:39  SCV  
  16  0:45  Barracks  
  16  0:52  SCV  
  17  1:04  SCV  
  18  1:16  SCV  
  19  1:28  SCV  
  20  1:33  Marine  
  21  1:40  Orbital Command  
  21  1:47  Command Center  
  21  1:53  Marine  
  22  2:02  Factory  
  22  2:06  Refinery  
  22  2:16  Supply Depot  
  22  2:35  SCV  
  23  2:38  Marine  
  25  2:52  Armory  
  25  2:58  Starport  
  24  3:03  SCV  
  25  3:10  SCV  
  25  3:15  Factory Tech Lab  
  25  3:16  SCV  
  25  3:17  Marine  
  27  3:29  SCV  
  28  3:34  Marine  
  28  3:35  Orbital Command  
  29  3:42  SCV  
  30  3:52  Marine  
  30  3:54  SCV  
  32  4:04  SCV  
  32  4:06  SCV  
  32  4:09  Banshee  
  34  4:12  Factory Tech Lab  
  34  4:16  SCV  
  38  4:20  SCV  
  38  4:21  Marine  
  42  4:39  Marine  
  41  4:52  SCV  
Show
View Real Time Build Order
Export as new Build Order

Aeon Zerg - Winner!

Build Orders: Pool Only, Zergling Baneling 

Get SALT Encoding   

  12  0:01  Drone  
  13  0:10  Drone  
  14  0:18  Extractor  
  14  0:19  Drone  
  14  0:32  Spawning Pool  
  13  0:36  Drone  
  14  0:44  Drone, Extractor  
  15  0:52  Overlord  
  15  1:19  Zergling x6  
  15  1:21  Metabolic Boost  
  18  1:28  Queen  
  18  1:32  Zergling x2  
  21  1:46  Baneling Nest  
  20  1:48  Zergling x2  
  20  1:54  Zergling x2  
  22  2:03  Overlord  
  22  2:21  Zergling x2  
  22  2:29  Zergling x2  
  21  2:38  Zergling x8  
  21  2:40  Baneling x2  
  21  2:41  Baneling x2  
  25  2:48  Zergling x2  
  26  2:53  Baneling  
  26  3:00  Zergling x2  
  26  3:16  Zergling x6  
  26  3:19  Baneling x2  
  26  3:28  Baneling  
  26  3:32  Zergling x4  
  27  3:45  Zergling x2  
  27  3:48  Baneling  
  28  3:52  Zergling x2  
  28  3:54  Baneling  
  29  3:59  Overlord  
  29  4:04  Baneling  
  29  4:13  Baneling  
  29  4:17  Zergling x2  
  29  4:18  Zergling x10  
  29  4:22  Baneling  
  35  4:29  Baneling  
  35  4:35  Zergling x2  
  33  4:49  Zergling x2  
Tags
 
Add a new tag
Caveats
  • Supply blocks, unpowered buildings, or Contaminate may cause inaccurate times.
  • Supply counts are checked every 10 seconds.